 Dungeon Crawl Stone Soup version 0.30-b1-2-g02819fbbbe (webtiles) character file.

Game seed: 6087787239502835657

184 Metae the Covered (level 5, -13/47 HPs)
             Began as a Minotaur Fighter on June 19, 2023.
             Killed from afar by Terence (17 damage)
             ... with a bolt of light
             ... on level 3 of the Dungeon.
             The game lasted 00:04:43 (1630 turns).

Metae the Covered (Minotaur Fighter)                Turns: 1630, Time: 00:04:52

Health: -13/47     AC:  8    Str: 22    XL:     5   Next: 36%
Magic:  4/4        EV:  8    Int:  5    God:
Gold:   127        SH:  8    Dex: 10    Spells: 4/4 levels left

rFire   + . .        a - +0 flail
rCold   . . .        h - +0 kite shield
rNeg    . . .        n - +1 scale mail {rF+}
rPois   +            (helmet restricted)
rElec   .            (no cloak)
rCorr   .            (no gloves)
SInv    .            (no boots)
Will    .....        (no amulet) Stlth
                     k - ring of poison resistance
HPRegen 0.27/turn    (no ring)
MPRegen 0.09/turn

%: no passive effects
@: no status effects
A: horns 2, retaliatory headbutt
a: no special abilities


You were on level 3 of the Dungeon.
You visited 1 branch of the dungeon, and saw 3 of its levels.

You collected 127 gold pieces.

Inventory:

Hand Weapons
 a - a +0 flail (weapon)
Missiles
 c - 30 stones (quivered)
Armour
 h - a +0 kite shield (worn)
 n - a +1 scale mail of fire resistance (worn)
Jewellery
 k - a ring of poison resistance (left hand)
Scrolls
 b - a scroll of teleportation {unknown}
 e - 4 scrolls of identify {unknown}
 f - a scroll of poison {unknown}
Potions
 d - a potion of might
 g - 2 potions of attraction {unknown}
 i - a potion of heal wounds {unknown}
 j - a potion of invisibility {unknown}
 l - a potion of mutation {unknown}
 m - a potion of flight {unknown}


   Skills:
 + Level 4.8 Fighting
 + Level 4.0 Maces & Flails
 + Level 4.9 Armour
 + Level 4.8 Shields


You had 4 spell levels left.
You didn't know any spells.
Your spell library was empty.

Dungeon Overview and Level Annotations

Branches:
Dungeon (3/15)

Altars:
Fedhas
Trog
Wu Jian

Annotations:
D:3 Terence


Innate Abilities, Weirdness & Mutations

You have a pair of horns on your head.
You reflexively headbutt those who attack you in melee.


Message History

Terence closely misses you.
You hit Terence.
Terence is moderately wounded.
You block Terence's attack.
Terence zaps a wand.
The bolt of light misses you.
You barely miss Terence.
Terence is moderately wounded.
Terence closely misses you.
You barely miss Terence.
Terence is moderately wounded.
Terence zaps a wand.
The bolt of light hits you!
You barely miss Terence. You headbutt Terence, but do no damage.
Terence is moderately wounded.
Terence zaps a wand.
The bolt of light hits you! Terence hits you with a +0 flail.
You hit Terence but do no damage.
Terence is moderately wounded.
Terence hits you but does no damage.
You hit Terence.
Terence is heavily wounded.
Terence zaps a wand.
The bolt of light hits you!
* * * LOW HITPOINT WARNING * * *
You barely miss Terence.
Terence is heavily wounded.
You block Terence's attack. Terence hits you with a +0 flail.
* * * LOW HITPOINT WARNING * * *
You hit Terence.
Terence is heavily wounded.
Terence hits you with a +0 flail.
* * * LOW HITPOINT WARNING * * *
You barely miss Terence.
Terence is heavily wounded.
You block Terence's attack.
You barely miss Terence. You headbutt Terence, but do no damage.
Terence is heavily wounded.
Terence says, "How do you enjoy it?" Terence hits you with a +0 flail.
* * * LOW HITPOINT WARNING * * *
Terence says, "Did you write a will?
You should..."
Terence zaps a wand.
The bolt of light hits you!
You die...

#.. # #...## #......# #
...#(...## #.8..8.#
..........####....## #
#####......# ###### # ###
###.#.## .# # ....###
#....##.# .......##
##.#..#.##
........####@####..### #
#....#......@..#..._P# #
.....#..####...#...P### ###
........<..<##.'.⌠._#.# #..
....#..)...####....^.#####.#
##...#)....# #..._..##....#
##........# ##.P##..#.####
##.......####PP.# #...#
..............##.# ##.##
###..............####.#


You could see Terence.

Vanquished Creatures
  An ogre (D:3)
  2 adders
  4 worms (D:2)
  A dart slug (D:2)
  4 orcs (D:3)
  7 endoplasms
  2 giant cockroaches (D:1)
  5 goblins
  4 hobgoblins
  5 jackals
  7 kobolds
  2 quokkas (D:1)
  7 ball pythons
  9 bats
  A frilled lizard (D:3)
  3 rats
64 creatures vanquished.

Vanquished Creatures (others)
  A dart slug (D:3)
  A plant (D:3)
2 creatures vanquished.

Grand Total: 66 creatures vanquished

Notes
Turn   | Place    | Note
-------+----------+-------------------------------------------
     0 | D:1      | Metae the Minotaur Fighter began the quest for the Orb.
     0 | D:1      | Reached XP level 1. HP: 19/19 MP: 0/0
   170 | D:1      | Reached XP level 2. HP: 27/27 MP: 1/1
   478 | D:1      | Reached XP level 3. HP: 29/33 MP: 2/2
   756 | D:2      | Found a faded altar of an unknown god.
  1113 | D:2      | Reached XP level 4. HP: 41/41 MP: 3/3
  1274 | D:3      | Found an ornate altar of the Wu Jian Council.
  1274 | D:3      | Found a blossoming altar of Fedhas.
  1274 | D:3      | Found a bloodstained altar of Trog.
  1438 | D:3      | Noticed an ogre
  1448 | D:3      | Killed an ogre
  1449 | D:3      | Reached XP level 5. HP: 20/47 MP: 4/4
  1451 | D:3      | Noticed Terence
  1630 | D:3      | Killed from afar by Terence

Illustrated notes

Levels and vault maps discovered:
D:1:      co_arrival_random_square_maze, layout_rooms
D:2:      layout_rooms, shapermc_ecumenical_altar_mp_highgroup
D:3:      layout_rooms, nicolae_tso_carved_into_rock,
          gammafunk_temple_overflow_forgotten, wad_orctagon, uniq_terence

Skill      XL: |  1  2  3  4 |
---------------+-------------+-----
Armour         | 4 |  4.9
Shields        | 4 |  4.8
Fighting       | 4 |  4.8
Maces & Flails | 3 4 |  4.0

Action                     |  1- 3 |  4- 6 || total
---------------------------+-------+-------++-------
  Melee: Flail             |   101 |    54 ||   155
         Headbutt          |    15 |     8 ||    23
 Armour: Scale mail        |    46 |    37 ||    83
  Dodge: Dodged            |    53 |    19 ||    72
  Block: Buckler           |    15 |       ||    15
         Kite shield       |    23 |    32 ||    55
